 Dungeon Crawl Stone Soup version 0.30.0-3-ga4e48a9924 (webtiles) character file.

Game seed: 901313338540586303

3273 cowcol the Cleaver (level 9, -2/77 (81) HPs)
             Began as a Minotaur Fighter on May 7, 2023.
             Was a Priest of Okawaru.
             Slain by a gnoll
             ... wielding a +1 halberd of electrocution
              (8 damage)
             ... in a bailey.
             The game lasted 00:27:16 (8830 turns).

cowcol the Cleaver (Minotaur Fighter)               Turns: 8830, Time: 00:27:16

HP:   -2/77 (81)    AC: 21    Str: 23    XL:     9   Next: 68%
MP:   5/8           EV: 10    Int:  5    God:    Okawaru [***...]
Gold: 478           SH:  6    Dex: 12    Spells: 8/8 levels left

rFire   . . .        a - +0 war axe
rCold   . . .        c - +0 buckler
rNeg    . . .        v - +1 chain mail
rPois   .            m - +2 hat
rElec   .            F - +2 cloak
rCorr   .            (no gloves)
SInv    .            J - +0 pair of boots
Will    .....        (no amulet) Stlth
                     (no ring)
HPRegen 0.32/turn    (no ring)
MPRegen 0.11/turn

%: no passive effects
@: mighty, heroic, hasted, lightly drained, very quick
A: horns 2, retaliatory headbutt
a: Renounce Religion, Heroism


You were in a bailey.
You worshipped Okawaru.
Okawaru was most pleased with you.
You visited 1 branch of the dungeon, and saw 8 of its levels.
You also visited: Ossuary and Bailey.

You collected 478 gold pieces.

Inventory:

Hand Weapons
 a - a +0 war axe (weapon)
 r - a +0 falchion
Missiles
 n - 10 javelins (quivered)
 o - 8 boomerangs
Armour
 b - a +0 scale mail
 c - a +0 buckler (worn)
 m - a +2 hat (worn)
 u - an orb of energy
 v - a +1 chain mail (worn)
 F - a +2 cloak (worn)
 G - a +3 ring mail
 J - a +0 pair of boots (worn)
Wands
 i - a wand of flame (26)
 t - a wand of iceblast (10)
 H - a wand of light (14)
Scrolls
 e - 10 scrolls of identify
 f - a scroll of enchant weapon
 h - 2 scrolls of blinking
 k - 2 scrolls of vulnerability
 p - 2 scrolls of magic mapping
 s - a scroll of fog
 x - 3 scrolls of fear
 y - a scroll of butterflies
 E - 3 scrolls of teleportation
 I - a scroll of amnesia
Potions
 d - 2 potions of might
 g - 5 potions of brilliance
 j - 3 potions of mutation
 l - 2 potions of lignification
 q - a potion of curing
 w - 2 potions of magic {unknown}
 z - a potion of attraction {unknown}
 A - 2 potions of flight
 B - a potion of resistance {unknown}
 C - a potion of haste
 D - a potion of degeneration {unknown}


   Skills:
 + Level 8.0(13.0) Fighting
 + Level 12.1(17.1) Axes
 - Level 2.0(7.0) Throwing
 + Level 8.7(13.7) Armour
 - Level 4.0(9.0) Shields
 + Level 1.2 Invocations


You had 8 spell levels left.
You didn't know any spells.
Your spell library contained the following spells:

 Spells                   Type           Power      Damage    Failure   Level
 Apportation              Tloc           0%         N/A       94%         1
 Cigotuvi's Dreadful Rot  Necr/Pois/Air  0%         N/A       98%         2
 Dispel Undead            Necr           0%         3d6       100%        4
 Passage of Golubria      Tloc           0%         N/A       100%        4
 Alistair's Intoxication  Tmut/Pois      0%         N/A       100%        5
 Yara's Violent Unravell  Hex/Tmut       0%         3d3       100%        5
 Tukima's Dance           Hex            Unusable   N/A       N/A         3
 Death Channel            Necr           Unusable   N/A       N/A         6

Dungeon Overview and Level Annotations

Branches:
Dungeon (8/15)             Temple (0/1) D:4         Ossuary (visited)
 Bailey (1/1)
   Lair: D:8-11

Altars:
Dithmenos
Elyvilon
Gozag
Hepliaklqana
Nemelex Xobeh
Okawaru
Qazlal
Trog
Uskayaw
Zin

Shops:
D:6 =

Annotations:
D:7 3 runed translucent doors, Palms's ghost, journeyman KoEn


Innate Abilities, Weirdness & Mutations

You have a pair of horns on your head.
You reflexively headbutt those who attack you in melee.


Message History

You slash the gnoll!
You kill the gnoll!
Okawaru accepts your kill.
The orcs go into a battle-frenzy!
Found a black potion.
The gnoll hits you from afar with a +1 halberd of electrocution.
The gnoll closely misses you. You block the orc's attack. x2
Something hits you!
There is an open door, spattered with blood here.
Things that are here:
a +1 halberd of electrocution; a gnoll corpse You slash something!
Your headbutt misses something. You block the gnoll's attack.
You barely miss something.
The gnoll hits you from afar with a +1 halberd of electrocution!
The orc hits you but does no damage. You block the orc's attack.
Unknown command.
You slash something! Your headbutt misses something.
The gnoll hits you but does no damage. The orc barely misses you.
You block the orc's attack. Something hits you.
You miss something.
The gnoll hits you from afar with a +1 halberd of electrocution.
You block the orc's attack. The orc hits you but does no damage.
Something hits you but does no damage.
You feel very mighty all of a sudden. You block something's attack.
You feel yourself speed up. Something hits you but does no damage.
Okay, then.
You feel more confident with your borrowed prowess.
The orc closely misses you. You block the orc's attack. Something hits you!
* * * LOW HITPOINT WARNING * * *
The gnoll barely misses you.
There is an open door, spattered with blood here.
Things that are here:
a +1 halberd of electrocution; a gnoll corpse You miss something.
The gnoll hits you from afar with a +1 halberd of electrocution!
* * * LOW HITPOINT WARNING * * *
You are electrocuted!
You die...

##### ### ###
##.'.###)###)#
#@###'##'##'##
#!.oo{##
##.....##
#.!.og
###.....###
.'!.⌠..
#.'..⌠..'.#
##.!...
###.....###
#!....
#.....##
#'##'##+#
#'##'##'## .#
#. #g#.#
#.###)# ###
### ##### ###
#'#


You could see a gnoll (fast) and 3 orcs.

Vanquished Creatures
  Grinder (D:6)
  A hornet (D:7)
  Prince Ribbit (D:6)
  An orc warrior (D:8)
  3 black bears
  3 ice beasts
  2 sky beasts
  2 centaurs
  4 bullfrogs (D:7)
  A kobold brigand (D:7)
  A gnoll sergeant (D:5)
  9 scorpions
  A jelly (D:4)
  5 centaur zombies (Ossuary)
  2 howler monkeys (D:7)
  A hound (D:5)
  An orc priest (D:8)
  A human zombie (Ossuary)
  Crazy Yiuf (D:5)
  An iguana (D:7)
  3 scorpion zombies (Ossuary)
  3 mummies (Ossuary)
  4 adders
  12 gnolls
  3 white imps
  An ufetubus (D:5)
  3 dart slugs
  20 orcs
  5 ball pythons
  7 bats
  8 endoplasms
  3 giant cockroaches
  2 gnoll zombies (Ossuary)
  3 hobgoblins
  4 jackals (D:1)
  4 quokkas
  2 frilled lizards (D:1)
  12 goblins
  3 goblin zombies (Ossuary)
  5 hobgoblin zombies (Ossuary)
  12 kobolds
  An orc zombie (Ossuary)
  4 rats
166 creatures vanquished.

Vanquished Creatures (others)
  3 plants (D:1)
3 creatures vanquished.

Grand Total: 169 creatures vanquished

Notes
Turn   | Place    | Note
-------+----------+-------------------------------------------
     0 | D:1      | cowcol the Minotaur Fighter began the quest for the Orb.
     0 | D:1      | Reached XP level 1. HP: 19/19 MP: 0/0
   233 | D:1      | Reached XP level 2. HP: 27/27 MP: 1/1
   912 | D:1      | Reached skill level 3 in Axes
   912 | D:1      | Reached XP level 3. HP: 33/33 MP: 2/2
  1635 | D:3      | Found an iron altar of Okawaru.
  1641 | D:3      | Found a bloodstained altar of Trog.
  1641 | D:3      | Found an opulent altar of Gozag.
  1641 | D:3      | Found a glowing silver altar of Zin.
  1642 | D:3      | Found a stormy altar of Qazlal.
  1642 | D:3      | Found a sparkling altar of Nemelex Xobeh.
  1642 | D:3      | Found a white marble altar of Elyvilon.
  1649 | D:3      | Became a worshipper of Warmaster Okawaru
  1839 | D:3      | Reached XP level 4. HP: 40/40 MP: 3/3
  2077 | D:3      | Found a faded altar of an unknown god.
  2166 | D:3      | Reached skill level 4 in Axes
  2179 | D:3      | Gained mutation: You are weak. (Str -2) [potion of
                  | mutation]
  2179 | D:3      | Lost mutation: You are weak. (Str -2) [potion of mutation]
  2675 | D:4      | Noticed a scorpion
  2680 | D:4      | Killed a scorpion
  2680 | D:4      | Reached * piety under Okawaru
  2681 | D:4      | Reached XP level 5. HP: 47/47 MP: 4/4
  2923 | D:4      | Reached skill level 5 in Axes
  3463 | D:4      | Reached skill level 5 in Armour
  3544 | D:4      | Found a staircase to the Ecumenical Temple.
  3620 | D:5      | Entered Level 5 of the Dungeon
  3633 | D:5      | Noticed a black bear
  3644 | D:5      | Killed a black bear
  3645 | D:5      | Reached skill level 1 in Throwing
  3645 | D:5      | Reached XP level 6. HP: 51/55 MP: 5/5
  3657 | D:5      | Found a sand-covered staircase.
  3662 | Ossuary  | Entered an ossuary
  3683 | Ossuary  | Reached skill level 6 in Axes
  3718 | Ossuary  | Reached skill level 5 in Fighting
  3737 | Ossuary  | Reached XP level 7. HP: 50/61 MP: 6/6
  3834 | Ossuary  | Reached ** piety under Okawaru
  3835 | Ossuary  | Reached skill level 7 in Axes
  4069 | Ossuary  | Reached skill level 8 in Axes
  4217 | Ossuary  | Reached XP level 8. HP: 58/70 MP: 7/7
  4553 | D:5      | Reached skill level 9 in Axes
  4986 | D:5      | Reached *** piety under Okawaru
  5238 | D:5      | Found a runed translucent door.
  5239 | D:5      | Noticed Crazy Yiuf
  5246 | D:5      | Killed Crazy Yiuf
  5342 | D:5      | Found a shadowy altar of Dithmenos.
  5514 | D:5      | Found a hazy altar of Hepliaklqana.
  6128 | D:6      | Reached skill level 10 in Axes
  6157 | D:6      | Noticed Grinder
  6188 | D:6      | Killed Grinder
  6286 | D:6      | Found Lumaus's Jewellery Shoppe.
  6295 | D:6      | Noticed Prince Ribbit
  6301 | D:6      | Killed Prince Ribbit
  6302 | D:6      | Reached XP level 9. HP: 74/78 MP: 5/8
  6343 | D:6      | Reached skill level 11 in Axes
  6709 | D:7      | Found a hide-covered altar of Uskayaw.
  6764 | D:7      | Received a gift from Okawaru
  6789 | D:7      | Reached skill level 1 in Invocations
  6795 | D:7      | Reached **** piety under Okawaru
  7151 | D:7      | Found a runed translucent gate.
  7151 | D:7      | Found a runed translucent gate.
  7151 | D:7      | Found a runed translucent gate.
  7153 | D:7      | Noticed Palms's ghost (journeyman KoEn)
  7870 | D:8      | Found a flagged portal.
  7880 | D:8      | Reached skill level 12 in Axes
  7936 | Bailey   | Entered a bailey
  8814 | Bailey   | Noticed an orc knight
  8830 | Bailey   | Slain by a gnoll

Illustrated notes

Levels and vault maps discovered:
D:1:      dpeg_arrival_pits, layout_basic, serial_forest,
          infiniplex_forest_corner_2, infiniplex_forest_lined_corner,
          infiniplex_forest_straight_1, infiniplex_forest_corner_1,
          infiniplex_forest_end_3, infiniplex_forest_clump_cross,
          minmay_split_cup_large
D:2:      layout_rooms
D:3:      layout_basic, grunt_temple_overflow_open,
          shapermc_ecumenical_altar_starsandcircs, minmay_misc_feat_chi
D:4:      layout_basic, minmay_temple_entry_offerings
D:5:      layout_basic, riverfiend_overflow_shadow_ancestor, enter_ossuary_2,
          kennysheep_cluttered_room, uniq_crazy_yiuf_cottage
D:6:      layout_basic, minmay_shop_enchanted_jewellery, uniq_prince_ribbit1,
          uniq_grinder
D:7:      layout_basic, nicolae_uskayaw_murder_on_the_dancefloor,
          gammafunk_ghost_nasty_kobolds, roderic_lattice_a
D:8:      minmay_tri_box, layout_cave_pools, general_overflow_altar,
          overflow_temple_1_default, enter_bailey_5
Bailey:   bailey_polearm_nasty_gnolls, bailey

Skill      XL: |  1  2  3  4  5  6  7  8  9 |
---------------+----------------------------+-----
Fighting       | 4 5 6 8 |  8.0
Armour         | 4 5 6 7 8 |  8.7
Shields        | 4 |  4.0
Axes           | 3 4 5 6 8 10 12 | 12.1
Throwing       | 1 2 |  2.0
Invocations    | 1 |  1.2

Action                     |  1- 3 |  4- 6 |  7- 9 || total
---------------------------+-------+-------+-------++-------
  Melee: War axe           |    79 |    86 |   230 ||   395
         Headbutt          |    13 |    12 |    57 ||    82
  Throw: Throwing net      |     1 |       |       ||     1
         Javelin           |       |     9 |    17 ||    26
 Invoke: Heroism           |       |       |     9 ||     9
    Use: Scroll            |     5 |     3 |     8 ||    16
         Potion            |     1 |     2 |     6 ||     9
 Armour: Scale mail        |    48 |    19 |       ||    67
         Chain mail        |       |    35 |   170 ||   205
  Dodge: Dodged            |    51 |    40 |   112 ||   203
  Block: Buckler           |    18 |    23 |    73 ||   114
